 Dungeon Crawl Stone Soup version 0.21.1 (webtiles) character file.

270 aspa the Magician (level 6, -9/36 HPs)
             Began as an Octopode Wizard on Feb 3, 2018.
             Engulfed by a cloud of flame (22 damage)
             ... on level 5 of the Dungeon.
             The game lasted 00:12:37 (3881 turns).

aspa the Magician (Octopode Wizard)                 Turns: 3881, Time: 00:12:37

Health: -9/36      AC:  1    Str: 10    XL:     6   Next: 22%
Magic:  11/14      EV: 13    Int: 25    God:
Gold:   112        SH:  0    Dex: 10    Spells: 3/16 levels left

rFire    . . .     SeeInvis .   a - +4 dagger (elec)
rCold    . . .     Gourm    .   (no shield)
rNeg     . . .     Faith    .   r - +0 hat
rPois    .         Spirit   .   (no amulet)
rElec    .         Reflect  .   e - ring of stealth
rCorr    .         Harm     .   p - +3 ring of intelligence
MR       .....                  y - +3 ring of strength
Stlth    ++++......             (no ring)
HPRegen  0.12/turn              (no ring)
MPRegen  0.14/turn              (no ring)
                                (no ring)
                                (no ring)

@: no status effects
A: almost no armour, stealthy swim, amphibious, 8 rings, constrict 8, camouflage
1, gelatinous body 1
a: no special abilities


You were on level 5 of the Dungeon.
You were not hungry.

You visited 1 branch of the dungeon, and saw 6 of its levels.

You collected 252 gold pieces.
You spent 140 gold pieces at shops.

Inventory:

Hand Weapons
 a - a +4 dagger of electrocution (weapon)
 q - a +3 hand axe
 v - a +1 flail of crushing
 w - a +2 mace of holy wrath
 D - a +0 dagger of venom
Armour
 r - a +0 hat (worn)
 u - a +0 shield
 A - a +0 shield
 E - a +0 shield
Jewellery
 e - a ring of stealth (left tentacle)
 p - a +3 ring of intelligence (right tentacle)
 y - a +3 ring of strength (on tentacle)
Scrolls
 d - a scroll of random uselessness {unknown}
 h - 8 scrolls of identify {unknown}
 i - 3 scrolls of amnesia {unknown}
 l - a scroll of fear {unknown}
 o - 3 scrolls of remove curse {unknown}
 s - 3 scrolls of teleportation {unknown}
 x - a scroll of magic mapping {unknown}
 B - a scroll of immolation {unknown}
Potions
 f - a potion of magic {unknown}
 g - 2 potions of resistance
 j - a potion of might {unknown}
 k - a potion of ambrosia {unknown}
 m - a potion of flight {unknown}
 n - a potion of curing {unknown}
 t - 2 potions of lignification {unknown}
 z - a potion of haste {unknown}
 C - a potion of heal wounds {unknown}
Books
 b - a book of Minor Magic

   Spells                             Type                      Level
   a - Magic Dart                     Conjuration                  1
   b - Blink                          Translocation                2
   c - Call Imp                       Summoning                    2
   d - Slow                           Hexes                        2
   e - Conjure Flame                  Conjuration/Fire             3
   f - Mephitic Cloud                 Conjuration/Poison/Air       3
Comestibles
 c - 10 rations
 F - a chunk of flesh


   Skills:
 + Level 1.0 Short Blades
 - Level 2.0 Dodging
 - Level 2.6 Stealth
 + Level 5.5 Spellcasting
 - Level 3.0 Conjurations
 - Level 1.0 Summonings
 - Level 1.0 Translocations


You had 3 spell levels left.
You knew the following spells:

 Your Spells              Type           Power        Failure   Level  Hunger
a - Magic Dart            Conj           ###.         2%          1    None
b - Call Imp              Summ           ##......     8%          2    None
c - Mephitic Cloud        Conj/Pois/Air  ##......     16%         3    #......
d - Blink                 Tloc           N/A          8%          2    None
e - Slow                  Hex            #.......     12%         2    None
f - Conjure Flame         Conj/Fire      ##......     13%         3    #......


Dungeon Overview and Level Annotations

Branches:
Dungeon (6/15)
 Temple: D:4-7

Altars:
Gozag
Trog
Yredelemnul
The Shining One

Shops:
D:4 *

Annotations:
D:4 Canard's ghost, amateur CeAM
D:5 1 transporter


Innate Abilities, Weirdness & Mutations

You cannot wear most types of armour.
You are very stealthy in the water. (Stealth+)
You are amphibious.
You can wear up to eight rings at the same time.
You can use your tentacles to constrict eight enemies at once.
Your skin changes colour to match your surroundings (Stealth+).
Your rubbery body absorbs attacks. (AC +1, EV +1)


Message History

You enter the transporter and appear at another place.
g - 2 potions of resistance (gained 1)
You open the gate.
Found 75 gold pieces.
Found a transporter.
A fire bat comes into view.
Casting: Magic Dart
Confirm with . or Enter, or press ? or * to list all spells.
Aiming: Magic Dart
Press: ? - help, Shift-Dir - straight line, f - fire bat
Aim: a fire bat The magic dart hits the fire bat.
The fire bat is lightly wounded.
The fire bat bites you.
You are engulfed in flames!
The fire bat bites you.
You are engulfed in flames.
The fire bat closely misses you.
Casting: Magic Dart
Confirm with . or Enter, or press ? or * to list all spells.
You blink.
You are engulfed in blazing flames.
Ouch! That really hurt!
You die...

.......# #...........##........
.......#####.....................
.....(.........##########........
.......##########§§§§§# #........
#......###§§§§§§#§§§§§###........
#........#§§§§§§#.§§§§###........
#........#§§#.#.§§§.$$#..........
##......©#§§©.§b§§..$©#©.........
#....#...#§§#.#.@§§.$$#...#######
...#.#...#§§§§§§#§§§§§#...#
.....#.#.#§§§§§.#§§§§§#.###
....##.#.########§§§§§# .. #.#..
###### #.###


You could see a fire bat.

Vanquished Creatures
  2 orc priests (D:4)
  2 worker ants
  A hound skeleton (D:3)
  A howler monkey skeleton (D:4)
  7 adders
  An adder skeleton (D:4)
  4 worms
  A dart slug (D:3)
  3 leopard geckos
  5 orcs
  A ball python (D:3)
  6 bats
  2 giant cockroaches
  5 goblins
  6 hobgoblins
  3 quokkas
  3 frilled lizards
  A giant cockroach zombie (D:1)
  7 kobolds
  A quokka zombie (D:1)
  12 rats
74 creatures vanquished.

Vanquished Creatures (collateral kills)
  A worm (D:4)
1 creature vanquished.

Grand Total: 75 creatures vanquished

Notes
Turn   | Place    | Note
-------+----------+-------------------------------------------
     0 | D:1      | aspa the Octopode Wizard began the quest for the Orb.
     0 | D:1      | Reached XP level 1. HP: 11/11 MP: 4/4
   335 | D:1      | Found a glowing golden altar of the Shining One.
   440 | D:2      | Reached XP level 2. HP: 14/17 MP: 0/6
   444 | D:2      | Learned a level 2 spell: Call Imp
  1252 | D:2      | Reached XP level 3. HP: 18/21 MP: 0/8
  1260 | D:2      | Learned a level 3 spell: Mephitic Cloud
  1263 | D:2      | Learned a level 2 spell: Blink
  1885 | D:4      | Noticed Canard's ghost (amateur CeAM)
  2034 | D:3      | Reached skill level 4 in Spellcasting
  2034 | D:3      | Reached XP level 4. HP: 27/27 MP: 1/10
  2043 | D:3      | Learned a level 2 spell: Slow
  2148 | D:3      | Found an opulent altar of Gozag.
  2214 | D:3      | You fall through a shaft for 3 floors!
  2335 | D:5      | Entered Level 5 of the Dungeon
  2564 | D:4      | Found Tedau's Assorted Antiques.
  2575 | D:3      | Reached XP level 5. HP: 31/31 MP: 5/11
  2602 | D:3      | Found a basalt altar of Yredelemnul.
  2928 | D:4      | Reached skill level 5 in Spellcasting
  3030 | D:4      | Learned a level 3 spell: Conjure Flame
  3120 | D:4      | Bought a tourmaline ring for 140 gold pieces
  3149 | D:4      | You fall through a shaft!
  3359 | D:4      | Reached XP level 6. HP: 29/36 MP: 9/13
  3368 | D:4      | Reached skill level 1 in Short Blades
  3552 | D:4      | Found a bloodstained altar of Trog.
  3868 | D:5      | Found a transporter.
  3878 | D:5      | Found a transporter.
  3879 | D:5      | Noticed a fire bat
  3881 | D:5      | Engulfed by a cloud of flame

Skill      XL: |  1  2  3  4  5  6 |
---------------+-------------------+-----
Conjurations   | 2 3 |  3.0
Spellcasting   | 4 5 |  5.5
Short Blades   | 1 |  1.0
Dodging        | |  2.0
Stealth        | |  2.6
Summonings     | |  1.0
Translocations | |  1.0

Action                   |  1- 3 |  4- 6 || total
-------------------------+-------+-------++-------
Melee: Unarmed           |    12 |       ||    12
       Constrict         |     5 |    10 ||    15
       Tentacles         |     4 |     2 ||     6
       Dagger            |     6 |    29 ||    35
 Cast: Magic Dart        |    86 |    79 ||   165
       Call Imp          |     1 |     5 ||     6
       Mephitic Cloud    |       |     5 ||     5
       Conjure Flame     |       |     1 ||     1
       Blink             |       |     1 ||     1
 Stab: Sleeping          |     1 |     2 ||     3
  Eat: Chunk             |     3 |     6 ||     9
Armor: Skin              |       |     1 ||     1
Dodge: Dodged            |     7 |    18 ||    25
